 Dungeon Crawl Stone Soup version 0.27.1-33-g824d729ab1 (webtiles) character file.

Game seed: 4733962247083291053

90 comborobin the Sneak (level 4, 0/34 HPs)
             Began as an Octopode Brigand on Dec 29, 2021.
             Was an Initiate of Cheibriados.
             Succumbed to a water moccasin's poison
             ... on level 3 of the Dungeon.
             The game lasted 00:01:53 (2563 turns).

comborobin the Sneak (Octopode Brigand)             Turns: 2563, Time: 00:01:54

Health: 0/34       AC:  1    Str:  9 (11) XL:     4   Next: 56%
Magic:  4/4        EV: 12    Int: 14 (15) God:    Cheibriados [......]
Gold:   26         SH:  0    Dex: 13 (14) Spells: 3/3 levels left

rFire    . . .     SeeInvis .   a - +2 short sword (freeze)
rCold    . . .     Faith    .   (no shield)
rNeg     . . .     Spirit   .   (helmet restricted)
rPois    .         Reflect  .   (no amulet)
rElec    .         Harm     .   (no ring)
rCorr    .         Rampage  .   (no ring)
Will     .....                  (no ring)
Stlth    ++++......             (no ring)
HPRegen  0.11/turn              (no ring)
MPRegen  0.09/turn              (no ring)
                                (no ring)
                                (no ring)

@: lethally poisoned (0 -> -15), about to teleport, weak-willed, very slow
A: almost no armour, amphibious, 8 rings, camouflage 1, gelatinous body 1,
(nimble swimmer 1), tentacles
a: Renounce Religion, Bend Time


You were on level 3 of the Dungeon.
You worshipped Cheibriados.
Cheibriados was noncommittal.
You visited 1 branch of the dungeon, and saw 3 of its levels.

You collected 26 gold pieces.

Inventory:

Hand Weapons
 a - a +2 short sword of freezing (weapon)
 e - a +2 dagger
Missiles
 b - 8 poisoned darts (quivered)
 c - 2 curare-tipped darts
 j - a throwing net
Scrolls
 g - a scroll of vulnerability
 k - a scroll of amnesia {unknown}
 l - a scroll of noise {unknown}
Potions
 f - a potion of degeneration
 m - a potion of heal wounds


   Skills:
 + Level 4.3 Fighting
 - Level 2.4 Short Blades
 - Level 2.0 Throwing
 - Level 1.0 Dodging
 - Level 5.3 Stealth


You had 3 spell levels left.
You didn't know any spells.
Your spell library was empty.

Dungeon Overview and Level Annotations

Branches:
Dungeon (3/15)

Altars:
Cheibriados


Innate Abilities, Weirdness & Mutations

You cannot wear most types of armour.
You are amphibious.
You can wear up to eight rings at the same time.
Your skin changes colour to match your surroundings (Stealth+).
Your rubbery body absorbs attacks. (AC +1, EV +1)
((You are camouflaged near water. (Stealth+)))
You have tentacles for arms and can constrict up to eight enemies at once.


Message History

The water moccasin is heavily wounded.
You constrict the water moccasin. The water moccasin bites you.
The water moccasin bites you!
You are poisoned.
The water moccasin poisons you!
Unknown command.
It was a potion of degeneration.
There was something very wrong with that liquid.
You feel weakened.
You feel dopey.
You feel clumsy.
You constrict the water moccasin.
You feel very sick. The water moccasin bites you.
It was a potion of cancellation.
You feel magically purged.
You constrict the water moccasin.
* * * LOW HITPOINT WARNING * * *
You feel very sick. The water moccasin bites you.
* * * LOW HITPOINT WARNING * * *
You are more poisoned.
The water moccasin poisons you!
It was a potion of heal wounds.
You feel much better.
You constrict the water moccasin.
You feel very sick. The water moccasin bites you.
The water moccasin misses you.
As you read the scroll labelled LAYLE GOYLEFED, it crumbles to dust.
Magic quickly surges around you.
It was a scroll of vulnerability.
You constrict the water moccasin.
You feel very sick. The water moccasin barely misses you.
As you read the scroll labelled POTYFREICI, it crumbles to dust.
It is a scroll of identify.
d - a scroll of teleportation You constrict the water moccasin.
You feel very sick. The water moccasin bites you!
* * * LOW HITPOINT WARNING * * *
The water moccasin closely misses you.
As you read the scroll of teleportation, it crumbles to dust.
You feel strangely unstable.
You constrict the water moccasin.
You die...

....#
#.#.#
#.#<##
#....###.#
#........#
##...#####
##.## #.#
#@#
#S.......
#########


You could see a water moccasin (weak-willed).

Vanquished Creatures
  4 adders (D:2)
  6 endoplasms
  3 giant cockroaches (D:1)
  4 goblins (D:1)
  6 hobgoblins
  3 jackals (D:1)
  4 quokkas
  6 ball pythons
  3 bats (D:1)
  4 frilled lizards
  3 kobolds
  5 rats (D:1)
  2 bushes (D:1)
53 creatures vanquished.

Vanquished Creatures (others)
  A plant (D:1)
1 creature vanquished.

Grand Total: 54 creatures vanquished

Notes
Turn   | Place    | Note
-------+----------+-------------------------------------------
     0 | D:1      | comborobin the Octopode Brigand began the quest for the
                  | Orb.
     0 | D:1      | Reached XP level 1. HP: 14/14 MP: 1/1
   361 | D:1      | Reached XP level 2. HP: 19/19 MP: 2/2
   406 | D:1      | Found a faded altar of an unknown god.
   639 | D:1      | Reached XP level 3. HP: 14/26 MP: 3/3
  1766 | D:2      | Found a snail-covered altar of Cheibriados.
  1842 | D:2      | Became a worshipper of Cheibriados the Contemplative
  1913 | D:2      | Reached XP level 4. HP: 33/33 MP: 4/4
  2550 | D:3      | Noticed a water moccasin
  2563 | D:3      | Succumbed to a water moccasin's poison

Illustrated notes

Levels and vault maps discovered:
D:1:      minmay_arrival_semitransparent, layout_loops_cross,
          ebering_ecumenical_altar_webs, serial_forest, infiniplex_forest_end_2,
          infiniplex_forest_clump_medium, infiniplex_forest_lined_room_,
          infiniplex_forest_clump_small, infiniplex_forest_zigzag_1,
          hangedman_abyss_or_decor_stabs, st_stairs_7,
          chequers_serial_rivers_marsh, serial_park_tiny_pond, amethyst_killhole
D:2:      layout_basic, basic_altar, minmay_fractal_squares_5
D:3:      minmay_angry_zag, layout_loops_ring, okawaru_metal_pillars_3,
          serial_shops, shop, uniq_natasha

Skill      XL: |  1  2  3 |
---------------+----------+-----
Fighting       | 3 4 |  4.3
Short Blades   | |  2.4
Throwing       | |  2.0
Dodging        | |  1.0
Stealth        | |  5.3

Action                   |  1- 3 |  4- 6 || total
-------------------------+-------+-------++-------
Melee: Dagger            |    33 |       ||    33
       Constrict         |    14 |     3 ||    17
       Tentacles         |    43 |     4 ||    47
       Short sword       |   161 |    17 ||   178
  Use: Scroll            |       |     3 ||     3
       Potion            |       |     3 ||     3
 Stab: Sleeping          |    18 |     3 ||    21
       Distracted        |     1 |       ||     1
Armor: Skin              |     7 |     1 ||     8
Dodge: Dodged            |    33 |     8 ||    41
